AoeStats
← Axolot

MegaRandom

505145592Analyzed
2v2 RM · 24d ago on Sep 8, 2026· 28m 44s· 4 players
Game mode
Random Map
Map size
Medium (4 player)
Population
200
Speed
Normal
Resources
Standard
Victory
Conquest
Starting age
Dark Age
Ending age
Imperial Age
RankedLock teamsTeams togetherTeam positionsShared explorationLock speedFull tech treeHidden civsTurbo modeCheats
Victory
Defeat
🇦🇷 Vietnamese · Argentina
1463
+14
🇦🇷 Bulgarians · Argentina
1427
+15
🇵🇪 Maya · Peru
1447
-16
🇵🇪 Vietnamese · Peru
1379
-13
gato_levi
2:33 Loom
11:25 Feudal Age
11:30 Man-at-Arms
24:34 Fletching
NETK-AI-ZEN
0:26 Loom
10:52 Feudal Age
11:24 Double-Bit Axe
14:43 Padded Archer Armor
15:21 Fletching
26:35 Castle Age
25:27 Stone Mining
Axolot
2:21 Loom
10:56 Feudal Age
20:02 Horse Collar
20:46 Scale Mail Armor
21:36 Forging
22:15 Arson
Dino_Mate
6:48 Loom
9:24 Feudal Age
9:55 Double-Bit Axe
12:59 Fletching
16:15 Padded Archer Armor
22:29 Castle Age
23:04 Bodkin Arrow
22:43 Elite Skirmisher
23:41 Bow Saw
24:21 Leather Archer Armor
25:14 Crossbowman
Connection lost

Rejoining the realm…

Still unreachable

The connection could not be restored.

Session expired

The server has moved on; the page needs a fresh start.